 Dungeon Crawl Stone Soup version 0.30.1-9-gdf580d7c3d (webtiles) character file.

Game seed: 8344376348778708550

28 booth the Chopper (level 2, 0/23 HPs)
             Began as a Demonspawn Gladiator on Sept 30, 2023.
             Slain by a worm (4 damage)
             ... on level 2 of the Dungeon.
             The game lasted 00:06:18 (1296 turns).

booth the Chopper (Demonspawn Gladiator)            Turns: 1296, Time: 00:06:18

Health: 0/23       AC:  4    Str: 14    XL:     2   Next: 96%
Magic:  2/2        EV: 12    Int:  9    God:
Gold:   69         SH:  4    Dex: 14    Spells: 1/1 levels left

rFire   . . .        a - +0 war axe
rCold   . . .        (no shield)
rNeg    . . .        b - +0 leather armour
rPois   .            c - +0 helmet
rElec   .            (no cloak)
rCorr   .            (no gloves)
SInv    .            (no boots)
Will    .....        (no amulet)
Stlth   +            (no ring)
HPRegen 0.23/turn    (no ring)
MPRegen 0.08/turn

%: no passive effects
@: no status effects
A: condensation shield
a: no special abilities


You were on level 2 of the Dungeon.
You visited 1 branch of the dungeon, and saw 2 of its levels.

You collected 69 gold pieces.

Inventory:

Hand Weapons
 a - a +0 war axe (weapon)
Missiles
 d - 3 throwing nets
 e - a javelin
 n - 6 poisoned darts (quivered)
Armour
 b - a +0 leather armour (worn)
 c - a +0 helmet (worn)
Scrolls
 f - a scroll of blinking
 h - a scroll of magic mapping {unknown}
 j - a scroll of amnesia {unknown}
 l - a scroll of vulnerability {unknown}
Potions
 g - 2 potions of brilliance
 i - 3 potions of lignification {unknown}
 k - a potion of berserk rage {unknown}
 m - a potion of heal wounds {unknown}


   Skills:
 + Level 2.3 Fighting
 + Level 3.0 Axes
 + Level 2.2 Throwing
 + Level 3.0 Dodging


You had one spell level left.
You didn't know any spells.
Your spell library contained the following spells:

 Spells                   Type           Power      Damage    Failure   Level
 Tukima's Dance           Hex            0%         N/A       83%         3
 Passage of Golubria      Tloc           0%         N/A       99%         4
 Yara's Violent Unravell  Hex/Tmut       0%         3d3       100%        5


Dungeon Overview and Level Annotations

Branches:
Dungeon (2/15)

Altars:

Shops:
D:1 :


Innate Abilities, Weirdness & Mutations

A meltable shield of frost defends you. (SH +4)


Message History

You now have 69 gold pieces (gained 1).
Found 6 poisoned darts.
You see here 6 poisoned darts.
n - 6 poisoned darts A bat comes into view.
Found 3 stones.
The bat closely misses you.
You barely miss the bat. You block the bat's attack.
You block the bat's attack.
You slash the bat!
You kill the bat!
You see here 3 stones.
Found 8 stones.
A goblin comes into view. It is wielding a +0 dagger.
A worm comes into view.
You barely miss the worm. The worm bites you!
You hit the worm.
The worm is moderately wounded.
The worm misses you.
You barely miss the worm.
The worm is moderately wounded.
The worm bites you!
You hit the worm.
The worm is moderately wounded.
The worm bites you but does no damage.
You hit the worm.
The worm is moderately wounded.
The worm bites you.
* * * LOW HITPOINT WARNING * * *
You closely miss the goblin. You block the goblin's attack.
The goblin hits you with a +0 dagger.
* * * LOW HITPOINT WARNING * * *
You barely miss the goblin. The goblin misses you.
You miss the goblin. The goblin hits you but does no damage.
You barely miss the goblin. You block the goblin's attack.
The goblin hits you but does no damage.
You slash the goblin!
You kill the goblin!
You hit the worm. The worm bites you.
You die...

#.# #.# #.# #.#
#.# #.# #.# #.#
#.#####.###
#........(#
#######.#.##
#.....############
#..#..)@w........#
#......#########.#
..........# #.#
...........# #.#
#.##.#.......( #.#
#. #.#....#####
#.# # #.#.## #..
#.... ###


You could see a worm.

Vanquished Creatures
  2 ball pythons (D:1)
  4 endoplasms (D:1)
  4 goblins
  2 hobgoblins (D:1)
  2 kobolds (D:1)
  2 quokkas
  4 bats
  2 frilled lizards (D:1)
  6 rats
28 creatures vanquished.

Notes
Turn   | Place    | Note
-------+----------+-------------------------------------------
     0 | D:1      | booth the Demonspawn Gladiator began the quest for the Orb.
     0 | D:1      | Reached XP level 1. HP: 16/16 MP: 1/1
   199 | D:1      | Gained mutation: A meltable shield of frost defends you.
                  | (SH +4) [demonic ancestry]
   199 | D:1      | Reached XP level 2. HP: 22/22 MP: 2/2
   956 | D:1      | Found Akelut's Book Emporium.
  1296 | D:2      | Slain by a worm

Illustrated notes

Levels and vault maps discovered:
D:1:      dpeg_arrival_lava_temple_mockup, layout_loops_cross, serial_shops,
          shop, roderic_serpentine_path, nrook_campfire, minmay_misc_feat_roman
D:2:      layout_loops_ring, serial_shops, nicolae_shop_advertising_works
          [nicolae_subvault_shop_adworks]

Skill      XL: |  1  2 |
---------------+-------+-----
Throwing       | 2 |  2.2
Axes           | 3 |  3.0
Dodging        | 3 |  3.0
Fighting       | |  2.3

Action                     || total
---------------------------++-------
  Melee: War axe           ||    93
    Use: Scroll            ||     2
 Armour: Leather armour    ||    23
  Dodge: Dodged            ||    51
  Block: Other             ||    17
